 Dungeon Crawl Stone Soup version 0.27-a0-46-g34d46f0a3f (webtiles) character file.

Game seed: 978257756772167743

237 Borgoz the Ruffian (level 6, 0/51 HPs)
             Began as a Ghoul Gladiator on Jan 6, 2021.
             Was an Initiate of Dithmenos.
             Slain by an ogre
             ... wielding a +0 giant club
              (17 damage)
             ... on level 4 of the Dungeon.
             The game lasted 00:03:12 (4198 turns).

Borgoz the Ruffian (Ghoul Gladiator)                Turns: 4198, Time: 00:03:12

Health: 0/51       AC:  4    Str: 18    XL:     6   Next: 6%
Magic:  5/5        EV: 13    Int:  3    God:    Dithmenos [......]
Gold:   97         SH:  0    Dex: 12    Spells: 5/5 levels left

rFire    . . .     SeeInvis .     - Unarmed
rCold    + . .     Faith    .   (no shield)
rNeg     + + +     Spirit   .   a - +0 leather armour
rPois    ∞         Reflect  .   b - +0 helmet
rElec    .         Harm     .   (no cloak)
rCorr    .         Rampage  .   (no gloves)
Will     .....                  (no boots)
Stlth    +.........             (no amulet)
HPRegen  0.00/turn              r - ring of wizardry
MPRegen  0.09/turn              (no ring)

@: hasted, very quick
A: claws 1, cold resistance 1, negative energy resistance 3, inhibited
regeneration, torment resistance, unbreathing
a: Renounce Religion


You were on level 4 of the Dungeon.
You worshipped Dithmenos.
Dithmenos was noncommittal.
You visited 1 branch of the dungeon, and saw 5 of its levels.

You collected 97 gold pieces.

Inventory:

Missiles
 c - 3 throwing nets (quivered)
Armour
 a - a +0 leather armour (worn)
 b - a +0 helmet (worn)
Jewellery
 r - a ring of wizardry (left claw)
Wands
 l - a wand of digging (1)
Scrolls
 h - a scroll of enchant weapon {unknown}
 j - a scroll of amnesia {unknown}
 k - a scroll of immolation {unknown}
 n - a scroll of magic mapping {unknown}
 p - a scroll of noise {unknown}
 q - 2 scrolls of random uselessness {unknown}
Potions
 d - 3 potions of curing {unknown}
 e - a potion of haste
 g - a potion of heal wounds
 i - a potion of cancellation
 m - 2 potions of attraction {unknown}


   Skills:
 + Level 3.3 Fighting
 - Level 1.7 Throwing
 + Level 1.9 Armour
 * Level 4.1 Dodging
 * Level 4.8 Unarmed Combat


You had 5 spell levels left.
You didn't know any spells.
Your spell library was empty.

Dungeon Overview and Level Annotations

Branches:
Dungeon (5/15)
 Temple: D:4-7

Altars:
Dithmenos
Gozag
Yredelemnul
Zin


Innate Abilities, Weirdness & Mutations

You thrive by killing the living.
You are immune to poison.
You have sharp fingernails.
Your flesh is cold resistant. (rC+)
You are immune to negative energy. (rN+++)
You do not regenerate when monsters are visible.
You are immune to unholy pain and torment.
You can survive without breathing.


Message History

Dithmenos accepts your kill.
You feel better.
You have reached level 6!
Your experience leads to an increase in your attributes!
Increase (S)trength, (I)ntelligence, or (D)exterity?
You feel agile.
You feel yourself speed up. The ogre hits you but does no damage.
You scratch the ogre.
The ogre is lightly wounded.
You claw the ogre!
The ogre is heavily wounded.
The ogre completely misses you.
You scratch the ogre.
The ogre is severely wounded.
You scratch the ogre but do no damage.
The ogre is severely wounded.
You scratch the ogre.
The ogre is almost dead.
The ogre hits you with a +0 giant club!
You die...

#.# #.# #.#
#.# #.# #.#
#.# #.# #@#
#O#
#.#####'#####
....O.......#
............#
............#
............#
............#
............#


You could see an ogre.

Vanquished Creatures
  A scorpion (D:5)
  An iguana (D:4)
  A worker ant (D:4)
  Natasha (thrice) (D:2)
  An adder (D:2)
  A worm (D:2)
  2 dart slugs
  3 leopard geckos
  4 bats
  4 giant cockroaches
  8 goblins
  3 hobgoblins (D:1)
  4 kobolds (D:2)
  A quokka (D:2)
  A ball python (D:2)
  A frilled lizard (D:1)
  5 rats
44 creatures vanquished.

Notes
Turn   | Place    | Note
-------+----------+-------------------------------------------
     0 | D:1      | Borgoz the Ghoul Gladiator began the quest for the Orb.
     0 | D:1      | Reached XP level 1. HP: 17/17 MP: 0/0
    41 | D:1      | Reached XP level 2. HP: 25/25 MP: 1/1
   507 | D:1      | Reached XP level 3. HP: 27/30 MP: 2/2
   836 | D:2      | Found an opulent altar of Gozag.
   893 | D:2      | Found a faded altar of an unknown god.
  1132 | D:2      | Reached skill level 1 in Armour
  1451 | D:2      | Noticed Natasha
  1462 | D:2      | Killed Natasha
  1463 | D:2      | Reached XP level 4. HP: 4/37 MP: 3/3
  1865 | D:2      | Found a shadowy altar of Dithmenos.
  1865 | D:2      | Found a basalt altar of Yredelemnul.
  1926 | D:2      | Became a worshipper of Dithmenos the Shadowed
  2040 | D:2      | Found a glowing silver altar of Zin.
  2225 | D:2      | Noticed Natasha
  2236 | D:2      | Killed Natasha
  3614 | D:2      | Noticed Natasha
  3629 | D:2      | Killed Natasha
  3630 | D:2      | Reached XP level 5. HP: 41/45 MP: 4/4
  3710 | D:3      | You fall into a shaft and drop 1 floor!
  3894 | D:5      | Entered Level 5 of the Dungeon
  4175 | D:4      | Noticed an ogre
  4193 | D:4      | Reached XP level 6. HP: 17/51 MP: 5/5
  4198 | D:4      | Slain by an ogre

Illustrated notes

Levels and vault maps discovered:
D:1:      minmay_arrival_up_and_down, layout_loops_ring, serial_forest,
          infiniplex_forest_clump_double, infiniplex_forest_pool,
          infiniplex_forest_zigzag_1, infiniplex_forest_straight_2
D:2:      layout_loops_ring, pdpol_temple_overflow_zin_treasury_gozag_greed,
          gammafunk_temple_overflow_elements, chequers_ecumenical_altar_simple,
          uniq_natasha
D:3:      layout_basic, overflow_temple_1_default, minivault_4,
          uniq_crazy_yiuf_cottage
D:4:      layout_basic, kennysheep_generic_room_11
D:5:      layout_basic, lemuel_coloured_pillars_altar,
          minmay_temple_entry_offerings

Skill      XL: |  1  2  3  4  5 |
---------------+----------------+-----
Dodging        | 3 4 |  4.1
Armour         | 1 |  1.9
Unarmed Combat | 4 |  4.8
Fighting       | 3 |  3.3
Throwing       | |  1.7

Action                   |  1- 3 |  4- 6 || total
-------------------------+-------+-------++-------
Melee: Unarmed           |   109 |    79 ||   188
       Punch             |     1 |       ||     1
  Use: Scroll            |       |     3 ||     3
       Potion            |       |     2 ||     2
Armor: Leather armour    |    16 |    20 ||    36
Dodge: Dodged            |    51 |    54 ||   105

Table legend: (Time is in decaauts)
 A = Elapsed time spent in this place.
 B = Non-inter-level travel time spent in this place.
 C = Inter-level travel time spent in this place.
 D = Time resting spent in this place.
 E = Time spent auto-exploring this place.
 F = Levels seen in this place.
 G = Mean time per level.
                   A        B        C        D        E       F      G
               +--------+--------+--------+--------+--------+-----+--------+
         Total |   4188 |   3693 |    495 |   1890 |   1443 |   5 |  837.6 |
       Dungeon |   4188 |   3693 |    495 |   1890 |   1443 |   5 |  837.6 |
               +--------+--------+--------+--------+--------+-----+--------+

Top non-repeatable levels by time:
     D:2: 2953 daAuts
     D:1: 732 daAuts
     D:5: 256 daAuts
     D:4: 226 daAuts
     D:3: 19 daAuts
